 Dungeon Crawl Stone Soup version 0.28-a0-938-gbc3f381ebc (webtiles) character file.

Game seed: 17446975068172108335

53 bande the Covered (level 3, 0/23 HPs)
             Began as a Gargoyle Fighter on Nov 29, 2021.
             Killed from afar by an orc wizard (14 damage)
             ... with a puff of flame
             ... on level 3 of the Dungeon.
             The game lasted 00:02:32 (2474 turns).

bande the Covered (Gargoyle Fighter)                Turns: 2474, Time: 00:02:32

Health: 0/23       AC: 10    Str: 20    XL:     3   Next: 87%
Magic:  3/3        EV:  9    Int:  8    God:
Gold:   61         SH:  4    Dex:  9    Spells: 2/2 levels left

rFire   . . .      SeeInvis +   a - +1 war axe
rCold   . . .      Faith    .   c - +0 buckler
rNeg    + . .      Spirit   .   b - +0 scale mail
rPois   ∞          Reflect  .   (no helmet)
rElec   +          Harm     .   (no cloak)
rCorr   .          Rampage  .   (no gloves)
Will    .....                   (no boots)
Stlth   ..........              (no amulet)
HPRegen 0.07/turn               (no ring)
MPRegen 0.08/turn               (no ring)

@: no status effects
A: sickness immunity, AC +3, negative energy resistance 1, electricity
resistance, torment resistance 1, petrification resistance, see invisible,
evolution 1
a: no special abilities


You were on level 3 of the Dungeon.
You visited 1 branch of the dungeon, and saw 3 of its levels.

You collected 61 gold pieces.

Inventory:

Hand Weapons
 a - a +1 war axe (weapon)
Armour
 b - a +0 scale mail (worn)
 c - a +0 buckler (worn)
Scrolls
 h - a scroll of magic mapping
Potions
 d - a potion of might
 e - a potion of mutation
 f - a potion of heal wounds {unknown}
 i - a potion of degeneration {unknown}


   Skills:
 + Level 3.5 Fighting
 + Level 2.7 Axes
 + Level 3.9 Armour
 + Level 3.6 Shields


You had 2 spell levels left.
You didn't know any spells.
Your spell library was empty.

Dungeon Overview and Level Annotations

Branches:
Dungeon (3/15)

Altars:


Innate Abilities, Weirdness & Mutations

You are immune to sickness and miasma.
Your stone body is resilient. (AC +3)
You are immune to poison.
You resist negative energy. (rN+)
You are resistant to electric shocks. (rElec)
You are resistant to unholy torment.
You are immune to petrification.
You have supernaturally acute eyesight. (SInv)
You have hidden genetic potential.


Message History

No target in view!
No target in view!
An orc wizard comes into view. It is wielding a +0 short sword.
Things that are here:
a +0 dagger; 8 poisoned darts; a +0 club An orc comes into view.
It is wielding a +0 trident.
The orc barely misses you.
Items here: )) [ †.
The orc barely misses you.
You hit the orc.
The orc is lightly wounded.
You block the orc's attack.
You barely miss the orc.
The orc is lightly wounded.
The orc drinks a potion.
The orc seems to speed up.
The orc wizard casts a spell.
The orc wizard flickers and vanishes for a moment.
The orc completely misses you.
You completely miss the orc.
The orc is lightly wounded.
The orc hits you with a +0 trident. The orc barely misses you.
You closely miss the orc.
The orc is lightly wounded.
You hit the orc wizard. The orc barely misses you.
The orc wizard points at you and mumbles some strange words.
The puff of flame hits you but does no damage.
The orc hits you but does no damage.
The orc wizard hits you but does no damage.
You closely miss the orc wizard.
The orc wizard is lightly wounded.
You closely miss the orc. The orc closely misses you.
You block the orc wizard's attack. The orc hits you but does no damage.
You completely miss the orc wizard.
The orc wizard is lightly wounded.
You hit the orc.
You kill the orc!
The orc wizard gestures at you while chanting.
The puff of flame hits you!
Ouch! That really hurt!
You die...

*,** *,.....#
#...)...#
**,,***,#..#.#
#..#....#
*,,,,,,,,..#.#
#...#...#
*,*,***,*#o#.##
##..##<.. *,*,*
*,*#..).######..##.#.
*,*,*
*,*#............##.##
*,*,*
*,**#.).#######.##?#*
*,*.###.####.###
#.##†#
*******,*......)@o...#
#.##.#
,,,,,,,,*#.#######.#.#
#.##.#* ******,,**,*
*,,...#.######.#..>*
*,,**,*
*,#####........#...>
*,,**,* *,*
##########...*
******,,**,***,* #####
*,,,,,,,,,,,**,*
*,,,,,,,,,,,**,*
*,,***,,***,**,*


You could see an orc wizard (invisible).

Vanquished Creatures
  A worm (D:2)
  A dart slug (D:1)
  3 orcs (D:3)
  4 ball pythons
  3 endoplasms
  2 giant cockroaches (D:1)
  5 goblins
  4 hobgoblins
  10 kobolds
  A quokka (D:2)
  2 bats
  A frilled lizard (D:1)
  4 rats
41 creatures vanquished.

Notes
Turn   | Place    | Note
-------+----------+-------------------------------------------
     0 | D:1      | bande the Gargoyle Fighter began the quest for the Orb.
     0 | D:1      | Reached XP level 1. HP: 14/14 MP: 1/1
   478 | D:1      | Reached XP level 2. HP: 14/19 MP: 2/2
  1281 | D:1      | Reached XP level 3. HP: 18/23 MP: 3/3
  1602 | D:2      | Found a faded altar of an unknown god.
  2429 | D:3      | Gained mutation: You have hidden genetic potential. [potion
                  | of mutation]
  2429 | D:3      | Gained mutation: You have supernaturally acute eyesight.
                  | (SInv) [potion of mutation]
  2474 | D:3      | Killed from afar by an orc wizard

Illustrated notes

Levels and vault maps discovered:
D:1:      dpeg_arrival_morbid_curiosity, layout_basic, minmay_misc_feat_tower
D:2:      layout_basic, hellmonk_ecumenical_altar_crossroads
D:3:      layout_loops_ring, elyvilon_altar_1, serial_shops, nicolae_shop_trees,
          kennysheep_jessica_study

Skill      XL: |  1  2 |
---------------+-------+-----
Axes           | 2 |  2.7
Fighting       | |  3.5
Armour         | |  3.9
Shields        | |  3.6

Action                   || total
-------------------------++-------
Melee: War axe           ||   114
  Use: Scroll            ||     4
       Potion            ||     1
Armor: Scale mail        ||    53
Dodge: Dodged            ||    61
Block: Buckler           ||    27

Table legend: (Time is in decaauts)
 A = Elapsed time spent in this place.
 B = Non-inter-level travel time spent in this place.
 C = Inter-level travel time spent in this place.
 D = Time resting spent in this place.
 E = Time spent auto-exploring this place.
 F = Levels seen in this place.
 G = Mean time per level.
                   A        B        C        D        E       F      G
               +--------+--------+--------+--------+--------+-----+--------+
         Total |   2519 |   2496 |     23 |    431 |   1679 |   3 |  839.7 |
       Dungeon |   2519 |   2496 |     23 |    431 |   1679 |   3 |  839.7 |
               +--------+--------+--------+--------+--------+-----+--------+

Top non-repeatable levels by time:
     D:1: 1590 daAuts
     D:2: 867 daAuts
     D:3: 61 daAuts
